 Dungeon Crawl Stone Soup version 0.24.0-123-gd5b16e6ec5 (webtiles) character file.

Game seed: 3812860960444037796, levelgen mode: deterministic

4729 FishyPogo the Cudgeler (level 10, -1/58 (59) HPs)
             Began as a Deep Elf Venom Mage on Feb 8, 2020.
             Was a Follower of Sif Muna.
             Slain by a yak (12 damage)
             ... on level 9 of the Dungeon on Feb 9, 2020.
             The game lasted 00:36:46 (7467 turns).

FishyPogo the Cudgeler (Deep Elf Venom Mage)        Turns: 7467, Time: 00:36:47

HP:   -1/58 (59)    AC: 17    Str:  4 (6)  XL:     10   Next: 22%
MP:   3/18          EV:  9    Int: 22 (25) God:    Sif Muna [*.....]
Gold: 351           SH:  5    Dex: 13 (15) Spells: 11/17 levels left

rFire    + + .     SeeInvis .   a - +11 mace of Liavicw {pain, rF+ Int+2}
rCold    . . .     Gourm    .   r - +0 buckler
rNeg     . . .     Faith    +   G - +4 ring mail
rPois    .         Spirit   .   D - +2 helmet
rElec    .         Reflect  .   (no cloak)
rCorr    .         Harm     .   I - +1 pair of gloves
MR       +....                  T - +0 pair of boots
Stlth    ++........             t - amulet of faith
HPRegen  0.19/turn              M - ring of protection from fire (curse)
MPRegen  0.16/turn              S - ring of flight (curse)

@: very slightly contaminated
A: no striking features
a: Channel Magic, Renounce Religion, Evoke Flight


You were on level 9 of the Dungeon.
You worshipped Sif Muna.
Sif Muna was aware of your devotion.
You were not hungry.

You visited 2 branches of the dungeon, and saw 10 of its levels.

You collected 591 gold pieces.
You spent 240 gold pieces at shops.

Inventory:

Hand Weapons
 a - the +11 mace of Liavicw (weapon) {pain, rF+ Int+2}
   (You bought it in a shop on level 6 of the Dungeon)

   In the hands of one skilled in necromantic magic, it inflicts extra damage on
   living creatures.
   It affects your intelligence (+2).
   It protects you from fire.
 b - a +2 whip of holy wrath
 v - a +5 whip
 A - the cursed +1 dagger "Beastslayer" {flame, rF++}
   (You took it off an orc wizard on level 5 of the Dungeon)

   It has been specially enchanted to burn those struck by it, causing extra
   injury to most foes and up to half again as much damage against particularly
   susceptible opponents.
   It greatly protects you from fire.
   It has a curse placed upon it.
Missiles
 i - 3 javelins
 n - 21 poisoned darts
 x - 395 stones (quivered)
 E - 13 boomerangs
 V - a curare-tipped dart
Armour
 r - a +0 buckler (worn)
 y - a +2 large shield
 D - a +2 helmet (worn)
 G - a +4 ring mail (worn)
 I - a +1 pair of gloves (worn)
 T - a +0 pair of boots (worn)
Jewellery
 p - an uncursed amulet of rage
 t - an amulet of faith (around neck)
 z - an uncursed amulet of regeneration
 M - a cursed ring of protection from fire (left hand)
 S - a cursed ring of flight (right hand)
Wands
 q - a wand of random effects (28)
 F - a wand of flame (16)
 H - a wand of clouds (3)
 J - a wand of scattershot (7)
 R - a wand of enslavement (5)
Scrolls
 d - 4 scrolls of remove curse
 f - 3 scrolls of magic mapping {unknown}
 h - a scroll of enchant weapon
 o - 5 scrolls of teleportation
 B - 9 scrolls of identify
 N - a scroll of enchant armour
 O - a scroll of immolation
Potions
 e - 2 potions of heal wounds {unknown}
 g - 2 potions of curing {unknown}
 j - 5 potions of lignification {unknown}
 k - a potion of brilliance {unknown}
 l - a potion of cancellation
 m - 2 potions of agility
 s - 2 potions of degeneration
 u - 4 potions of mutation {unknown}
 w - a potion of resistance {unknown}
 C - 3 potions of ambrosia {unknown}
 K - a potion of magic {unknown}
 L - a potion of flight {unknown}
 P - a potion of haste {unknown}
 Q - a potion of might
Comestibles
 c - 11 rations
 U - a chunk of flesh


   Skills:
 - Level 5.0 Fighting
 - Level 0.5 Short Blades
 * Level 6.1 Maces & Flails
 + Level 5.5 Armour
 - Level 3.0 Dodging
 - Level 3.0 Stealth
 * Level 5.4 Shields
 + Level 4.3 Spellcasting
 + Level 3.2 Conjurations
 - Level 4.0 Poison Magic
 + Level 2.3 Invocations


You had 11 spell levels left.
You knew the following spells:

 Your Spells              Type           Power        Failure   Level  Hunger
a - Sting                 Conj/Pois      ###.         12%         1    None
b - Poisonous Vapours     Pois/Air       ##....       34%         2    #......
c - Mephitic Cloud        Conj/Pois/Air  ###.....     50%         3    ##.....

Your spell library contained the following spells:

 Spells                   Type           Power        Failure   Level  Hunger
 Olgreb's Toxic Radiance  Pois           ###.....     69%         4    ####...
 Venom Bolt               Conj/Pois      ###.......   97%         5    ######.


Dungeon Overview and Level Annotations

Branches:
Dungeon (9/15)             Temple (1/1) D:5
   Lair: D:8-11         Orc: D:9-12

Altars:
Ashenzari
Cheibriados
Dithmenos
Elyvilon
Fedhas
Gozag
Hepliaklqana
Kikubaaqudgha
Makhleb
Nemelex Xobeh
Okawaru
Qazlal
Ru
Sif Muna
Trog
Uskayaw
Vehumet
Xom
Yredelemnul
The Shining One
Beogh

Shops:
D:6 (

Annotations:
D:3 3 runed translucent doors, Notrik's ghost, amateur HOBe


Message History

The yak is poisoned.
The yak is heavily wounded.
The yak gores you but does no damage.
You sock the yak!
The yak is severely wounded.
The yak gores you but does no damage.
You hit the yak.
The yak is almost dead.
You block the yak's attack.
You completely miss the yak.
The yak is almost dead.
The yak gores you.
* * * LOW HITPOINT WARNING * * *
The yak looks more healthy.
The yak gores you.
* * * LOW HITPOINT WARNING * * *
You hit the yak.
The yak is almost dead.
The yak gores you!
You die...

#.########..))>..#
#......##..###)#.# ######.....#
#.#.##### #######
#####.###........ ......#
#.....#.##### ##+##.# #.......#
....# .### ##.###### #...# ...#
#######.# #...####.## #.OY@...#
##'##.⌠#..###Z####..#
.......#....#.# #..############
......##.##.#O####..##.........#
......#...#..Z#............###.##
.._...'..Y#...#.##..##.###.......
....Z.#.Z†#.....##...#.# #####.#.
......####...)###......#######.#.
.....Y.#............>#...)...).#.


You could see a two-headed ogre, a yak and a worker ant zombie.

Vanquished Creatures
  Pikel (D:5)
  A moth of wrath (D:4)
  2 hippogriffs
  Sigmund (D:3)
  5 yaks (D:9)
  An ice beast (D:6)
  2 sky beasts
  4 slaves (D:6)
  2 phantoms
  A necrophage (D:8)
  An ogre (D:7)
  3 centaurs
  2 big kobolds
  4 bullfrogs
  A scorpion (D:5)
  6 killer bees (D:8)
  A howler monkey (D:7)
  4 wights (D:9)
  4 crimson imps
  A bullfrog zombie (D:5)
  4 orc wizards
  A jelly (D:6)
  3 orc priests
  2 bullfrog skeletons
  A hound (D:5)
  An iguana (D:6)
  Jessica (D:3)
  A centaur skeleton (D:7)
  Ijyb (D:5)
  2 worker ants
  3 hound skeletons
  Robin (D:3)
  2 howler monkey skeletons (D:4)
  A howler monkey zombie (D:5)
  9 adders
  2 shadow imps
  2 oozes
  An adder skeleton (D:5)
  7 worms
  3 dart slugs
  6 leopard geckos
  30 orcs
  3 ball pythons
  8 giant cockroaches
  12 goblins
  11 hobgoblins
  3 jackals
  2 quokkas (D:3)
  5 bats
  4 frilled lizards
  A giant cockroach zombie (D:5)
  23 kobolds
  A leopard gecko skeleton (D:5)
  A quokka skeleton (D:4)
  8 rats
213 creatures vanquished.

Notes
Turn   | Place    | Note
-------+----------+-------------------------------------------
     0 | D:1      | FishyPogo the Deep Elf Venom Mage began the quest for the
                  | Orb.
     0 | D:1      | Reached XP level 1. HP: 10/10 MP: 6/6
   149 | D:1      | Reached XP level 2. HP: 15/15 MP: 4/8
   153 | D:1      | Learned a level 2 spell: Poisonous Vapours
   892 | D:2      | Found a shadowy altar of Dithmenos.
   946 | D:2      | Reached XP level 3. HP: 15/20 MP: 2/9
  1414 | D:2      | Reached skill level 1 in Fighting
  1613 | D:2      | Reached XP level 4. HP: 20/25 MP: 2/10
  1808 | D:3      | Reached skill level 1 in Shields
  1895 | D:3      | Noticed Sigmund
  1901 | D:3      | Learned a level 3 spell: Mephitic Cloud
  1929 | D:3      | Reached skill level 1 in Maces & Flails
  1929 | D:3      | Reached XP level 5. HP: 22/29 MP: 1/11
  2056 | D:3      | Noticed Robin
  2088 | D:3      | Killed Robin
  2222 | D:3      | Killed Sigmund
  2222 | D:3      | Reached skill level 2 in Maces & Flails
  2222 | D:3      | Reached XP level 6. HP: 20/35 MP: 0/12
  2429 | D:3      | Found a runed translucent gate.
  2430 | D:3      | Found a runed translucent gate.
  2434 | D:3      | Identified the +12 mace of Nunadu {venom, rF+ MR- Str+2
                  | Int+2}
  2434 | D:3      | Identified the cursed +0 scale mail of Honour {-Tele rF-
                  | Regen+ Dex+9}
  2513 | D:3      | Noticed a sky beast
  2658 | D:3      | Noticed Jessica
  2659 | D:3      | Found a shadowy altar of Dithmenos.
  2669 | D:3      | Killed Jessica
  2733 | D:3      | Killed a sky beast
  2857 | D:3      | Found a roughly hewn altar of Beogh.
  2857 | D:3      | Found a runed translucent gate.
  2860 | D:3      | Noticed Notrik's ghost (amateur HOBe)
  3100 | D:4      | Reached XP level 7. HP: 40/40 MP: 11/13
  3166 | D:4      | Noticed a moth of wrath
  3169 | D:4      | Found a bloodstained altar of Trog.
  3178 | D:4      | Killed a moth of wrath
  3178 | D:4      | Reached skill level 3 in Maces & Flails
  3438 | D:4      | Reached XP level 8. HP: 45/46 MP: 8/14
  3485 | D:4      | Found an iron altar of Okawaru.
  3622 | D:4      | Reached skill level 4 in Maces & Flails
  3908 | D:5      | Entered Level 5 of the Dungeon
  3985 | D:5      | Found a sparkling altar of Nemelex Xobeh.
  4010 | D:5      | Found a staircase to the Ecumenical Temple.
  4020 | Temple   | Entered the Ecumenical Temple
  4141 | D:5      | Identified the cursed +1 dagger "Beastslayer" {flame, rF++}
  4150 | D:5      | Reached skill level 1 in Armour
  4497 | D:5      | Found a burning altar of Makhleb.
  4553 | D:5      | Noticed Ijyb
  4579 | D:5      | Killed Ijyb
  4735 | D:5      | Found a radiant altar of Vehumet.
  5120 | D:6      | Noticed Pikel
  5316 | D:6      | Found an opulent altar of Gozag.
  5370 | D:6      | Reached XP level 9. HP: 36/52 MP: 10/15
  5610 | D:5      | Killed Pikel
  5610 | D:5      | Reached skill level 5 in Maces & Flails
  5744 | D:6      | Found Miklurom's Antique Weapon Shop.
  5747 | D:6      | Bought a scorched mace for 240 gold pieces
  5747 | D:6      | Identified the +11 mace of Liavicw {pain, rF+ Int+2} (You
                  | bought it in a shop on level 6 of the Dungeon)
  5804 | D:7      | Reached skill level 5 in Armour
  5897 | D:7      | Reached skill level 5 in Fighting
  6025 | D:7      | Found a shimmering altar of Xom.
  6087 | D:7      | Found a shimmering blue altar of Sif Muna.
  6090 | D:7      | Became a worshipper of Sif Muna the Loreminder
  6719 | D:8      | Found a hide-covered altar of Uskayaw.
  6831 | D:8      | Reached skill level 1 in Invocations
  7043 | D:8      | Reached skill level 5 in Shields
  7216 | D:9      | Reached * piety under Sif Muna
  7251 | D:9      | Reached XP level 10. HP: 56/58 MP: 17/17
  7387 | D:9      | Found a shattered altar of Ashenzari.
  7415 | D:9      | Noticed a two-headed ogre
  7423 | D:9      | Reached skill level 6 in Maces & Flails
  7467 | D:9      | Slain by a yak

Levels and vault maps discovered:
D:1:      evilmike_arrival_run_for_it, layout_basic, kennysheep_boxes
D:2:      minmay_chambers_of_twos, layout_basic,
          grunt_dithmenos_smoke_and_mirrors
D:3:      layout_rooms, marbit_many_paths, biasface_ghost_orc_armoury,
          mrwooster_statue_mirror, grunt_ministairs_1, minmay_ruptured,
          uniq_jessica, uniq_sigmund, uniq_robin
D:4:      layout_loops_ring, okawaru_altar_gauntlet_db, tgw_trog,
          hangedman_decor_push
D:5:      layout_loops_ring, makhleb_blood_cavern_becter, lemuel_round_altar,
          minmay_temple_entry_antechambers, first_ration, basic_altar, uniq_ijyb
D:6:      layout_basic, kennysheep_little_box, serial_shops,
          kennysheep_mini_moat, uniq_pikel
D:7:      layout_cave_pools, xom_teletrap_fun, lemuel_blue_sif_altar
D:8:      layout_cave_pods, nicolae_overflow_hidden_temple
D:9:      layout_loops_corners, evilmike_ruin_ashenzari, old_standard_altar,
          zin_academy, uniq_harold
Temple:   zaba_magenta_temple

Skill      XL: |  1  2  3  4  5  6  7  8  9 10 |
---------------+-------------------------------+-----
Stealth        | 3 |  3.0
Dodging        | 3 |  3.0
Fighting       | 1 2 3 4 5 |  5.0
Conjurations   | 2 3 |  3.2
Shields        | 1 2 3 4 5 |  5.4
Maces & Flails | 1 2 3 4 5 6 |  6.1
Poison Magic   | 4 |  4.0
Armour         | 4 5 |  5.5
Invocations    | 1 2 |  2.3
Spellcasting   | 4 |  4.3
Short Blades   | |  0.5

Action                   |  1- 3 |  4- 6 |  7- 9 | 10-12 || total
-------------------------+-------+-------+-------+-------++-------
Melee: Short sword       |    10 |       |       |       ||    10
       Whip              |     2 |    52 |   262 |       ||   316
       Mace              |       |       |    81 |    43 ||   124
Throw: Stone             |       |     2 |     7 |       ||     9
       Dart              |       |     2 |       |       ||     2
 Cast: Sting             |    52 |    90 |   165 |    33 ||   340
       Poisonous Vapours |    12 |    10 |    24 |     3 ||    49
       Mephitic Cloud    |       |     4 |     8 |     1 ||    13
  Use: Scroll            |       |       |     8 |       ||     8
       Potion            |       |       |       |     1 ||     1
 Stab: Sleeping          |     1 |     1 |     1 |       ||     3
       Confused          |       |     2 |     3 |       ||     5
       Distracted        |       |       |     1 |       ||     1
  Eat: Chunk             |     3 |     5 |    15 |     1 ||    24
Armor: Robe              |     2 |     9 |    41 |       ||    52
       Ring mail         |       |       |    77 |    20 ||    97
Dodge: Dodged            |    17 |    40 |   160 |    20 ||   237
Block: Buckler           |       |     6 |    84 |    11 ||   101
